 Dungeon Crawl Stone Soup version 0.17-a0-1621-gfc7a675 (console) character file.

13315 Monkaria the Unseen (level 11, -9/50 HPs)
             Began as a Felid Berserker on Aug 1, 2015.
             Was the Champion of Trog.
             Mangled by a crocodile (20 damage)
             ... on level 3 of the Lair of Beasts.
             The game lasted 00:32:13 (18769 turns).

Monkaria the Unseen (Felid Berserker)              Turns: 18769, Time: 00:32:13

Health: -9/50      AC:  2    Str: 18    XL:     11   Next: 74%
Magic:  12/12      EV: 32    Int:  8    God:    Trog [******]
Gold:   841        SH:  0    Dex: 17    Spells: 0 memorised, 10 levels left
                                        Lives:  0   Deaths: 3

rFire  . . .     SeeInvis +       - Unarmed
rCold  + . .     Clarity  .     (armour unavailable)
rNeg   + . .     SustAt   .     (shield unavailable)
rPois  .         Gourm    .     (helmet unavailable)
rElec  .         Spirit   .     (cloak unavailable)
rCorr  .         Warding  +     (gloves unavailable)
rMut   .         Stasis   .     (boots unavailable)
MR     +....                    j - amulet of warding
Stlth  ++++++++..               r - +2 ring of strength
                                E - ring of protection from cold

@: exhausted, slowed, slow, somewhat resistant to hostile enchantments,
extraordinarily stealthy
A: no armour, no weapons or thrown items, claws 1, fangs 3, see invisible,
carnivore 3, speed 1, shaggy fur 2, slow metabolism 1, sharp paws
a: Burn Spellbooks, Berserk, Trog's Hand, Brothers in Arms, Renounce Religion


You were on level 3 of the Lair of Beasts.
You worshipped Trog.
Trog was exalted by your worship.
You were very full.

You visited 2 branches of the dungeon, and saw 15 of its levels.
You also visited: Sewer.

You collected 1156 gold pieces.
You spent 315 gold pieces at shops.

Inventory:

Jewellery
 j - an amulet of warding (around neck)
 r - a +2 ring of strength (right paw)
 E - a ring of protection from cold (left paw)
Magical devices
 c - a wand of polymorph (19)
 e - a wand of teleportation (7)
 l - a wand of fire (10)
 u - a wand of slowing (29)
 y - a wand of cold (4)
 C - a wand of fireball (7)
 K - a wand of confusion (41)
 L - a wand of flame (32)
 P - a wand of draining (5)
 S - a wand of disintegration (12)
 T - a wand of random effects (35)
Scrolls
 d - 2 scrolls of remove curse
 k - a scroll of blinking
 o - a scroll of magic mapping
 p - 7 scrolls of teleportation
 s - a scroll of fog
 O - a scroll of noise {unknown}
Potions
 b - 2 potions of might
 f - 3 potions of lignification
 g - 3 potions of agility
 h - 2 potions of haste
 i - 2 potions of flight
 v - 6 potions of brilliance
 x - 2 potions of ambrosia
 z - 3 potions of invisibility
 A - a potion of heal wounds
 F - 2 potions of curing
 G - a potion of berserk rage
 H - a potion of resistance
 J - 2 potions of cure mutation {unknown}
 M - a potion of cancellation {unknown}
Books
 w - a book of Geomancy

   Spells                             Type                      Level
   a - Sandblast                      Earth                        1
   b - Stoneskin                      Transmutation/Earth          2
   c - Passwall                       Transmutation/Earth          3
   d - Stone Arrow                    Conjuration/Earth            3
   e - Petrify                        Transmutation/Earth          4
   f - Lee's Rapid Deconstruction     Earth                        5
   Trog disapproves of the use of such an item.
 D - a book of the Warp

   Spells                             Type                      Level
   a - Recall                         Summoning/Translocation      3
   b - Gell's Gravitas                Hexes/Translocation          3
   c - Force Lance                    Conjuration/Translocation    4
   d - Phase Shift                    Translocation                5
   e - Warp Weapon                    Charms/Translocation         5
   f - Summon Forest                  Summoning/Translocation      5
   Trog disapproves of the use of such an item.
 I - a book of Enchantments

   Spells                             Type                      Level
   a - Cause Fear                     Hexes                        4
   b - Silence                        Hexes/Air                    5
   c - Deflect Missiles               Charms/Air                   6
   d - Haste                          Charms                       6
   e - Discord                        Hexes                        8
   Trog disapproves of the use of such an item.
 Q - a book of Callings

   Spells                             Type                      Level
   a - Summon Small Mammal            Summoning                    1
   b - Call Imp                       Summoning                    2
   c - Call Canine Familiar           Summoning                    3
   d - Summon Guardian Golem          Hexes/Summoning              3
   e - Summon Lightning Spire         Summoning/Air                4
   f - Summon Ice Beast               Ice/Summoning                4
   Trog disapproves of the use of such an item.
Comestibles
 a - 9 meat rations
 m - 4 chunks of flesh


   Skills:
 + Level 7.1 Fighting
 - Level 17.1 Dodging
 - Level 17.2 Stealth
 - Level 9.0 Unarmed Combat


You had 10 spell levels left.
You didn't know any spells.

Dungeon Overview and Level Annotations

Branches:
Dungeon (12/15)            Temple (0/1) D:6            Lair (3/8) D:11
    Orc (0/4) D:10
  Swamp: Lair:3-6    Shoals: Lair:3-6     Snake: Lair:3-6    Spider: Lair:3-6

Altars:
Ashenzari
Cheibriados
Makhleb
Sif Muna
Trog
Xom
Zin
The Shining One

Shops:
D:9 !


Innate Abilities, Weirdness & Mutations

You cannot wear armour.
You are incapable of wielding weapons or throwing items.
You have sharp claws.
You have razor-sharp teeth.
You have supernaturally acute eyesight.
You are carnivorous and can eat meat at any time.
You cover ground quickly.
You are covered in thick fur (AC +2).
You have a slow metabolism.
Your sharp claws are effective at attacking unaware monsters.


Message History

You feel your anger subside.
You are no longer berserk.
Trog's vigour flows through your veins.
You are exhausted.
You feel yourself slow down. The water moccasin misses you.
You claw the water moccasin!
The water moccasin is heavily wounded.
The water moccasin bites you! x2
You closely miss the water moccasin.
The water moccasin is heavily wounded.
The water moccasin bites you!
* * * LOW HITPOINT WARNING * * *
The water moccasin completely misses you.
You claw the water moccasin! You bite the water moccasin.
The water moccasin is severely wounded.
The water moccasin completely misses you.
The crocodile barely misses you.
The water moccasin completely misses you.
The crocodile bites you!!
You die...

#..P♣≈≈≈≈≈ ## ..P≈≈≈≈≈♣
...# #≈P.≈..♣ ...
#.....## #.##
##......##.#.##.
..#P...<.##.......
..................
...#..###.....P......
..###.##.@....#.......
...##.#.tS.............
......##................
.........###............
........##..............
....t#.....P............
.... #.<..P.............
... #...^#..............
....##..#..............


You could see a water moccasin and a crocodile.

Vanquished Creatures
  Erica (D:8)
  A hydra (Lair:1)
  An ugly thing (D:12)
  The ghost of eXcel the Geomancer, an experienced GrEE of Vehumet (D:9)
  5 hill giants
  2 cyclopes
  The ghost of balthazar the Thaumaturge, an experienced DsWz of Vehumet (D:8)
  5 elephants
  A black mamba (Lair:1)
  Maurice (D:12)
  3 spiny frogs (Lair:2)
  A kobold demonologist (D:11)
  A komodo dragon (Lair:2)
  A two-headed ogre (D:12)
  2 trolls
  Prince Ribbit (D:7)
  5 slime creatures
  A deep elf mage (D:11)
  A basilisk (D:12)
  A deep elf fighter (D:11)
  A human (D:10)
  2 vampire mosquitoes (D:12)
  3 hippogriffs
  13 yaks
  A steam dragon (D:11)
  Menkaure (D:4)
  4 water moccasins
  10 porcupines
  Duvessa (D:5)
  4 orc warriors
  An ice beast (D:10)
  A necrophage (D:10)
  7 sky beasts
  2 phantoms
  6 ogres
  9 centaurs
  6 big kobolds
  8 crocodiles
  10 giant frogs
  Dowan (D:5)
  4 scorpions
  11 wights
  11 killer bees
  2 electric eels (D:6)
  7 crimson imps
  4 hounds
  4 jellies
  Crazy Yiuf (D:5)
  3 centaur skeletons
  2 giant frog skeletons
  An orc priest (D:7)
  5 iguanas
  Natasha (thrice) (D:2)
  9 orc wizards
  10 worker ants
  4 sheep (D:10)
  A hound zombie (D:9)
  A hound skeleton (D:6)
  2 worker ant zombies
  Robin (D:2)
  17 river rats
  14 adders
  8 gnolls
  4 shadow imps
  3 oozes
  10 worms
  6 giant geckos
  35 orcs
  15 bats
  7 giant cockroaches
  12 goblins
  11 hobgoblins
  7 jackals
  23 kobolds
  3 quokkas
  8 ball pythons
  8 giant newts
  A quokka skeleton (D:4)
  20 rats
425 creatures vanquished.

Vanquished Creatures (collateral kills)
  3 centaurs (D:11)
3 creatures vanquished.

Vanquished Creatures (others)
  2 bats (D:11)
  2 fungi
4 creatures vanquished.

Grand Total: 432 creatures vanquished

Notes
Turn   | Place    | Note
--------------------------------------------------------------
     0 | D:1      | Monkaria the Felid Berserker began the quest for the Orb.
     0 | D:1      | Reached XP level 1. HP: 10/10 MP: 2/2
   255 | D:1      | Reached XP level 2. HP: 12/14 MP: 3/3
   350 | D:1      | Reached skill level 5 in Dodging
   460 | D:1      | Found a glowing golden altar of the Shining One.
   465 | D:1      | Acquired Trog's second power
   971 | D:2      | Reached XP level 3. HP: 15/17 MP: 4/4
   987 | D:2      | Noticed Robin
  1028 | D:2      | Killed Robin
  1028 | D:2      | Reached skill level 6 in Dodging
  1430 | D:2      | Reached XP level 4. HP: 12/21 MP: 5/5
  2033 | D:2      | Noticed Natasha
  2038 | D:2      | Killed Natasha
  2038 | D:2      | Reached skill level 7 in Dodging
  2347 | D:2      | Noticed Natasha
  2357 | D:2      | Killed Natasha
  2374 | D:2      | Reached XP level 5. HP: 22/24 MP: 6/6
  2505 | D:2      | Noticed Natasha
  2509 | D:2      | Killed Natasha
  2645 | D:3      | Reached skill level 8 in Dodging
  2782 | D:3      | Found a snail-covered altar of Cheibriados.
  3400 | D:3      | Acquired Trog's third power
  3609 | D:4      | Gained mutation: You are covered in thick fur (AC +2). [Felid growth]
  3609 | D:4      | Reached XP level 6. HP: 17/28 MP: 7/7
  3625 | D:4      | Found a glowing drain.
  3692 | Sewer    | Entered a sewer
  3792 | Sewer    | Reached skill level 5 in Stealth
  4251 | Sewer    | Reached XP level 7. HP: 11/31 MP: 8/8
  4596 | D:4      | Noticed Menkaure
  4604 | D:4      | Killed Menkaure
  4843 | D:4      | Found a deep blue altar of Sif Muna.
  4845 | D:4      | Found a bloodstained altar of Trog.
  4846 | D:4      | Found a glowing silver altar of Zin.
  4846 | D:4      | Found a shimmering altar of Xom.
  4848 | D:4      | Found a burning altar of Makhleb.
  4849 | D:4      | Found a shattered altar of Ashenzari.
  4851 | D:4      | Reached skill level 9 in Stealth
  5079 | D:5      | Entered Level 5 of the Dungeon
  5341 | D:5      | Reached skill level 10 in Stealth
  5350 | D:5      | Noticed Dowan
  5351 | D:5      | Noticed Duvessa
  5367 | D:5      | Killed Duvessa
  5371 | D:5      | HP: 1/31 [poisoned by Duvessa]
  5460 | D:5      | Reached XP level 8. HP: 30/34 MP: 9/9
  5622 | D:5      | Killed Dowan
  5762 | D:5      | Reached skill level 5 in Unarmed Combat
  5915 | D:5      | Noticed Crazy Yiuf
  5921 | D:5      | Killed Crazy Yiuf
  6720 | D:6      | Killed from afar by a shadow imp
  6721 | D:6      | Reached XP level 7. HP: -1/31 MP: 8/8
  6824 | D:6      | Reached XP level 8. HP: 26/34 MP: 9/9
  7489 | D:6      | Found a staircase to the Ecumenical Temple.
  7966 | D:7      | Noticed Prince Ribbit
  8011 | D:7      | Killed Prince Ribbit
  8011 | D:7      | Reached skill level 11 in Stealth
  8272 | D:7      | Reached XP level 9. HP: 37/37 MP: 10/10
  8311 | D:7      | Reached skill level 12 in Stealth
  8688 | D:7      | Reached skill level 13 in Stealth
  8857 | D:8      | Noticed balthazar's ghost (experienced DsWz)
  8984 | D:8      | Noticed Erica
  9002 | D:8      | Killed Erica
  9002 | D:8      | Reached skill level 14 in Stealth
  9569 | D:8      | Killed balthazar's ghost
  9569 | D:8      | Reached skill level 15 in Stealth
  9646 | D:8      | Reached XP level 10. HP: 38/42 MP: 11/11
  9929 | D:9      | Found Exompat's Distillery.
  9938 | D:9      | Bought a potion of heal wounds for 75 gold pieces
  9938 | D:9      | Bought a potion of curing for 45 gold pieces
  9938 | D:9      | Bought a potion of berserk rage for 75 gold pieces
  9938 | D:9      | Bought a potion of ambrosia for 120 gold pieces
  9990 | D:9      | Noticed eXcel's ghost (experienced GrEE)
 10151 | D:9      | Reached skill level 16 in Stealth
 10299 | D:9      | Killed eXcel's ghost
 10605 | D:10     | Entered Level 10 of the Dungeon
 10642 | D:10     | HP: 2/42 [yak (4)]
 10939 | D:10     | Reached skill level 17 in Stealth
 11277 | D:10     | Noticed a hill giant
 11279 | D:10     | Killed a hill giant
 11682 | D:10     | Reached skill level 10 in Dodging
 12141 | D:10     | Found a staircase to the Orcish Mines.
 12176 | D:10     | Noticed a cyclops
 12183 | D:10     | Killed a cyclops
 12183 | D:10     | Reached XP level 11. HP: 45/45 MP: 12/12
 12754 | D:11     | Noticed a hill giant
 12763 | D:11     | Killed a hill giant
 13204 | D:11     | Noticed a hill giant
 13215 | D:11     | Killed a hill giant
 13353 | D:11     | Slain by a centaur
 13354 | D:11     | Reached XP level 10. HP: -3/42 MP: 11/11
 13614 | D:11     | Found a staircase to the Lair.
 13648 | D:11     | Noticed a hill giant
 13655 | D:11     | Killed a hill giant
 14212 | D:12     | Noticed Maurice
 14212 | D:12     | Killed Maurice
 14358 | D:12     | Noticed a hill giant
 14540 | D:12     | Killed a hill giant
 14540 | D:12     | Reached XP level 11. HP: 45/45 MP: 12/12
 14674 | D:12     | Reached skill level 15 in Dodging
 15002 | D:11     | Slain by a large slime creature
 15003 | D:11     | Reached XP level 10. HP: 0/63 MP: 11/11
 15763 | D:12     | Noticed a green ugly thing
 15770 | D:12     | Killed a green ugly thing
 15894 | Lair:1   | Entered Level 1 of the Lair of Beasts
 15971 | Lair:1   | HP: 2/42 [crocodile (17)]
 16313 | Lair:1   | Noticed a black mamba
 16314 | Lair:1   | Killed a black mamba
 16453 | Lair:1   | Reached XP level 11. HP: 45/45 MP: 12/12
 16684 | Lair:1   | Noticed a four-headed hydra
 16694 | Lair:1   | Killed a four-headed hydra
 17809 | Lair:2   | Reached skill level 5 in Fighting
 18769 | Lair:3   | Mangled by a crocodile

Vault maps used:
D:1:      saegor_arrival_simple_e, tso_metal_star
D:2:      uniq_robin, uniq_natasha
D:3:      overflow_temple_1_default
D:4:      grunt_temple_overflow_open, portal_sewer_entry_d, first_bread,
          uniq_menkaure
D:5:      st_stairs_14, uniq_duvessa, uniq_crazy_yiuf_cottage
D:6:      minmay_temple_entry_nine_rooms, kennysheep_boxes
D:7:      uniq_prince_ribbit1
D:8:      serial_glass, glass_columns_b, glass_columns_a, uniq_erica
D:9:      serial_shops, nicolae_shop_trees
D:10:     hiddenorc1_lemuel, grunt_livestock, lightli_minifort
D:11:     grunt_lair_entry_elf_guard_hut
D:12:     uniq_maurice
Lair:3:   basic_altar, st_stairs_8, serial_bayou_shore_b, grunt_megastairs_4,
          lemuel_fruit_fields, serial_bayou_shore_a, serial_bayou_shore_b,
          lemuel_fruit_fields, uniq_harold
Sewer:    sewer_co_15_rooms

Action                   |  1- 3 |  4- 6 |  7- 9 | 10-12 || total
-------------------------+-------+-------+-------+-------++-------
Melee: Unarmed           |   105 |   351 |   364 |   656 ||  1476
Invok: Berserk           |     2 |     6 |    11 |    29 ||    48
       Trog's Hand       |       |     5 |    10 |    13 ||    28
       Burn Spellbooks   |       |       |       |     1 ||     1
       Brothers in Arms  |       |       |       |     1 ||     1
Evoke: Wand              |       |       |       |    10 ||    10
  Use: Scroll            |       |    10 |     9 |     7 ||    26
       Potion            |       |       |     2 |     1 ||     3
 Stab: Sleeping          |     5 |     6 |    34 |    66 ||   111
       Distracted        |       |       |     2 |     5 ||     7
  Eat: Chunk             |    10 |    12 |    27 |    57 ||   106
